 Dungeon Crawl Stone Soup version 0.28.0-53-g5a82cb258f (webtiles) character file.

Game seed: 18211049617588784883

72 moldycheese5 the Conjurer (level 4, -1/24 HPs)
             Began as a Deep Elf Conjurer on June 23, 2022.
             Killed by nerve-wracking pain
             ... invoked by an orc priest
              (7 damage)
             ... on level 3 of the Dungeon.
             The game lasted 00:02:37 (2347 turns).

moldycheese5 the Conjurer (Deep Elf Conjurer)       Turns: 2347, Time: 00:02:38

Health: -1/24      AC:  0    Str:  6    XL:     4   Next: 7%
Magic:  2/11       EV: 12    Int: 23    God:
Gold:   46         SH:  0    Dex: 13    Spells: 9/10 levels left

rFire   . . .      SeeInvis .   (no weapon)
rCold   . . .      Faith    .   (no shield)
rNeg    . . .      Spirit   .   (no armour)
rPois   .          Reflect  .   (no helmet)
rElec   .          Harm     .   (no cloak)
rCorr   .          Rampage  .   (no gloves)
Will    .....                   (no boots)
Stlth   ++........              (no amulet)
HPRegen 0.08/turn               (no ring)
MPRegen 0.12/turn               (no ring)

@: no status effects
A: no striking features
a: no special abilities


You were on level 3 of the Dungeon.
You visited 1 branch of the dungeon, and saw 3 of its levels.

You collected 46 gold pieces.

Inventory:

Armour
 a - a +0 robe
 i - a +4 ring mail
Jewellery
 b - a ring of fire
Scrolls
 c - a scroll of immolation {unknown}
 d - 2 scrolls of teleportation {unknown}
 e - 2 scrolls of fear {unknown}
 f - a scroll of vulnerability {unknown}
 g - a scroll of summoning {unknown}
 h - 2 scrolls of identify {unknown}


   Skills:
 + Level 2.5 Dodging
 + Level 2.8 Stealth
 + Level 3.5 Spellcasting
 + Level 5.8 Conjurations


You had 9 spell levels left.
You knew the following spells:

 Your Spells              Type           Power      Damage    Failure   Level
a - Magic Dart            Conj           100%       1d8       1%          1

Your spell library contained the following spells:

 Spells                   Type           Power      Damage    Failure   Level
 Searing Ray              Conj           60%        2d6       1%          2
 Dazzling Flash           Conj/Hex       34%        N/A       10%         3
 Fulminant Prism          Conj/Hex       8%         3d7       32%         4
 Iskenderun's Mystic Bla  Conj/Tloc      17%        2d5       32%         4


Dungeon Overview and Level Annotations

Branches:
Dungeon (3/15)

Altars:
Zin


Message History

The magic dart hits the orc but does no damage.
The magic dart hits the orc.
The orc is almost dead.
The orc drinks a potion.
The orc suddenly seems more resistant.
The magic dart hits the orc but does no damage.
The orc is severely wounded.
An orc comes into view. It is wielding a +0 club.
The orc priest begins to cast a cantrip, but forgets the words!
The magic dart hits the orc!
You kill the orc!
The orc shouts!
The magic dart hits the orc priest.
The orc priest is heavily wounded.
The magic dart hits the orc priest but does no damage.
The orc priest is heavily wounded.
The orc priest hits you with a +0 whip!
The magic dart hits the orc priest.
The orc priest is almost dead.
The orc priest invokes the aid of Beogh against you.
Beogh smites you!
You are too injured to fight recklessly!
You are too injured to fight recklessly!
You are too injured to fight recklessly!
You hit the orc priest but do no damage.
The orc priest is almost dead.
The orc priest miscasts a cantrip.
You closely miss the orc priest.
The orc priest is almost dead.
The orc priest calls down the wrath of Beogh upon you.
You barely resist. You hit the orc priest.
The orc priest is almost dead.
The orc priest closely misses you. The orc barely misses you.
You barely miss the orc priest.
The orc priest is almost dead.
The orc hits you with a +0 club.
* * * LOW HITPOINT WARNING * * *
The orc priest invokes the aid of Beogh against you.
Pain shoots through your body!
You die...

####### ####.....#
#........# #.#.#.#..#
#........#
####.#.#.#.## # .
#..........#
....##o...#.#.#.#
......o@........##
.....#........†..##
..† #.....#####..# .
####.## ##.# #.# #.#
.. .. #.# #.#
##.###.# #.# #.#
#.##..##..########.##
#.# . ...##..#
#.......### #.#


You could see an orc priest and an orc.

Vanquished Creatures
  An adder (D:3)
  2 dart slugs
  An orc (D:3)
  2 bats (D:1)
  6 endoplasms
  2 giant cockroaches
  10 goblins
  8 hobgoblins
  A quokka (D:2)
  3 ball pythons
  6 frilled lizards
  9 kobolds
  A rat (D:2)
52 creatures vanquished.

Notes
Turn   | Place    | Note
-------+----------+-------------------------------------------
     0 | D:1      | moldycheese5 the Deep Elf Conjurer began the quest for the
                  | Orb.
     0 | D:1      | Reached XP level 1. HP: 10/10 MP: 6/6
   303 | D:1      | Reached XP level 2. HP: 15/15 MP: 6/8
   583 | D:1      | Reached skill level 5 in Conjurations
   903 | D:2      | Reached XP level 3. HP: 19/19 MP: 7/9
  1172 | D:2      | Found a faded altar of an unknown god.
  1951 | D:3      | Found a glowing silver altar of Zin.
  2227 | D:3      | Reached XP level 4. HP: 19/24 MP: 7/11
  2347 | D:3      | Killed from afar by an orc priest

Illustrated notes

Levels and vault maps discovered:
D:1:      dpeg_arrival_snail, layout_basic
D:2:      layout_basic, ebering_ecumenical_altar_abandoned
D:3:      layout_rooms, mainiacjoe_overflow_tiny_flanked, zin_statuary,
          serial_co_window_serial, co_window_corner_a, co_window_corner_a,
          co_window_of_opportunity_a, co_window_cross_1, co_window_paths_b,
          co_window_broadway_b, co_window_of_opportunity_c, co_window_2corner,
          co_window_broadway_b, glass_columns_a, glass_columns_a,
          glass_columns_a, glass_columns_b

Skill      XL: |  1  2 |
---------------+-------+-----
Conjurations   | 5 |  5.8
Dodging        | |  2.5
Stealth        | |  2.8
Spellcasting   | |  3.5

Action                   |  1- 3 |  4- 6 || total
-------------------------+-------+-------++-------
Melee: Unarmed           |       |     4 ||     4
 Cast: Magic Dart        |    83 |    11 ||    94
Dodge: Dodged            |     1 |     2 ||     3
